 Dungeon Crawl Stone Soup version 0.31-a0-259-g771a54c (webtiles) character file.

Game seed: 18305923905286615751

74038 Dawnplanks the Brawler (level 15, -5/174 HPs)
             Began as a Troll Shapeshifter on July 13, 2023.
             Was a Priest of Jiyva.
             Slain by an orc warlord
             ... wielding a +4 war axe of electrocution
              (8 damage)
             ... on level 1 of the Orcish Mines.
             The game lasted 00:46:01 (17689 turns).

Dawnplanks the Brawler (Troll Shapeshifter)        Turns: 17689, Time: 00:46:11

Health: -5/174     AC: 14    Str: 38    XL:     15   Next: 5%
Magic:  14/14      EV: 17    Int:  4    God:    Jiyva [***...]
Gold:   1205       SH:  5    Dex: 10    Spells: 14/14 levels left

rFire   . .          .
                       - Unarmed
rCold   . . .        (shield currently unavailable)
rNeg    . . .        j - melded +2 robe "Paeciul" {rC+ Int+3}
rPois   .            (helmet currently unavailable)
rElec   .            (cloak currently unavailable)
rCorr   +            (gloves unavailable)
SInv    .            (boots unavailable)
Will    +....        p - amulet of reflection
Stlth   +            V - +5 ring of evasion
HPRegen 2.41/turn    F - +4 ring of protection
MPRegen 0.49/turn

%: reflection
@: snake-form, calling ooze, studying Unarmed Combat
A: constrict, amphibious, boosted hp, large, unfitting armour, (claws 3),
regeneration 1, (shaggy fur 1), (tough skin 1), (beak), (fire resistance 3)
a: Begin Untransformation, Renounce Religion, Oozemancy


You were on level 1 of the Orcish Mines.
You worshipped Jiyva.
Jiyva was most pleased with you.
You were an enormous anaconda.
You visited 4 branches of the dungeon, and saw 20 of its levels.
You also visited: Gauntlet.

You collected 1283 gold pieces.
You spent 78 gold pieces at shops.

Inventory:

Missiles
 a - 9 large rocks
 v - 15 boomerangs (quivered)
 E - 13 javelins
Armour
 j - the +2 robe "Paeciul" (melded) {rC+ Int+3}
   (You found it on level 2 of the Lair of Beasts)

   Int:       It affects your intelligence (+3).
   rC:        It protects you from cold.
 N - an orb of mayhem
Jewellery
 p - an amulet of reflection (around neck)
 q - a ring of protection from fire
 F - a +4 ring of protection (right hand)
 V - a +5 ring of evasion (left hand)
Talismans
 c - a beast talisman
 k - a talisman of death
 o - a storm talisman
 t - a serpent talisman
Wands
 w - a wand of mindburst (33)
 I - a wand of roots (8)
 L - a wand of digging (15)
 R - a wand of charming (2)
 T - a wand of flame (13)
 U - a wand of polymorph (8)
Scrolls
 d - a scroll of butterflies {unknown}
 e - 9 scrolls of teleportation {unknown}
 h - 5 scrolls of fear {unknown}
 i - 6 scrolls of immolation
 l - 5 scrolls of poison {unknown}
 n - a scroll of silence
 r - 6 scrolls of enchant weapon {unknown}
 x - 3 scrolls of revelation {unknown}
 C - 4 scrolls of fog {unknown}
 G - 3 scrolls of enchant armour
 M - a scroll of noise
 X - 2 scrolls of brand weapon {unknown}
Potions
 b - 2 potions of lignification
 f - a potion of resistance
 g - 6 potions of heal wounds {unknown}
 m - 3 potions of attraction
 s - 3 potions of brilliance
 u - a potion of berserk rage
 z - 2 potions of magic
 A - 6 potions of curing
 D - a potion of enlightenment
 O - a potion of haste
 S - 2 potions of might
 W - a potion of invisibility
 Y - 3 potions of ambrosia
 Z - a potion of mutation
Miscellaneous
 J - a condenser vane
 Q - a lightning rod (4/4)


   Skills:
 * Level 8.6 Fighting
 - Level 4.2 Throwing
 * Level 9.7 Dodging
 + Level 5.2 Shields
 + Level 16.7 Unarmed Combat
 + Level 12.3 Shapeshifting


You had 14 spell levels left.
You didn't know any spells.
Your spell library contained the following spells:

 Spells                   Type           Power      Damage    Failure   Level
 Freeze                   Ice            0%         1d3       50%         1
 Static Discharge         Conj/Air       0%         2-2/arc   65%         2
 Frozen Ramparts          Ice            0%         1d1       86%         3
 Hailstorm                Conj/Ice       0%         3d3       86%         3
 Volatile Blastmotes      Fire/Tloc      0%         2d10      86%         3
 Airstrike                Air            0%         2d(0-16)  99%         4
 Animate Dead             Necr           0%         N/A       99%         4
 Petrify                  Tmut/Erth      0%         N/A       99%         4
 Summon Lightning Spire   Summ/Air       0%         N/A       99%         4
 Borgnjor's Vile Clutch   Necr/Erth      0%         N/A       100%        5
 Metabolic Englaciation   Hex/Ice        0%         N/A       100%        5
 Death Channel            Necr           0%         N/A       100%        6
 Malign Gateway           Summ/Tloc      0%         N/A       100%        7
 Summon Hydra             Summ           0%         N/A       100%        7
 Infestation              Necr           0%         N/A       100%        8


Dungeon Overview and Level Annotations

Branches:
Dungeon (12/15)            Temple (1/1) D:6            Lair (5/5) D:9
  Swamp (0/4) Lair:2        Snake (0/4) Lair:3        Slime (0/5) Lair:4
    Orc (2/2) D:12        Gauntlet (visited)
    Elf: Orc:2

Altars:
Ashenzari
Cheibriados
Dithmenos
Elyvilon
Fedhas
Gozag
Hepliaklqana
Kikubaaqudgha
Makhleb
Nemelex Xobeh
Okawaru
Qazlal
Ru
Sif Muna
Trog
Uskayaw
Vehumet
Wu Jian
Xom
Yredelemnul
Zin
The Shining One
Jiyva

Shops:
D:7 (   D:12 [(   Orc:1 *(?

Annotations:
D:6 3 runed translucent doors, Dega's ghost, novice SpHu
D:7 2 transporters, Caerwyn's ghost, novice MfSh
Lair:1 1 runed translucent door, bloodbathe's ghost, journeyman AtFi


Innate Abilities, Weirdness & Mutations

You are an enormous anaconda.
You have a powerful constriction melee attack.
You are amphibious.
Your maximum health is increased.
Your armour is entirely melded.
You are incapable of wielding weapons or throwing items.
You are too large for most types of armour.
((You have claws for hands.))
Your natural rate of healing is unusually fast.
((You are covered in fur. (AC +1)))
((You have tough skin. (AC +1)))
((You have a beak for a mouth.))
((Your flesh is almost immune to the effects of heat. (rF+++)))


Message History

You body-slam the orc warlord!!
The orc warlord is severely wounded.
You constrict the orc warlord. The orc warlord closely misses you.
The orc warlord hits you with a +4 war axe of electrocution!
The orc hits you but does no damage. The ogre closely misses you.
You body-slam the orc warlord!!
The orc warlord is almost dead.
You constrict the orc warlord, but do no damage.
The orc hits you with a +0 dagger.
The orc warlord hits you with a +3 long sword!
The orc warlord hits you with a +4 war axe of electrocution!!
* * * LOW HITPOINT WARNING * * *
Activating: Oozemancy (9% risk of failure)
Press: ? - help, Dir - look around, f - activate A stone staircase leading down, spattered with blood.
Slime begins to ooze from the nearby walls!
You can no longer turn your foes to slime.
You constrict the orc warlord!
The orc warlord hits you with a +3 long sword!!
* * * LOW HITPOINT WARNING * * *
The wall burns the orc!
The orc misses you.
The wall burns the ogre!
You block the ogre's attack. The orc warlord barely misses you.
Blink to where?
Press: ? - help, Dir - move target You lose your grip on something.
As you read the scroll of blinking, it crumbles to dust.
The wall burns the orc!
You kill the orc!
You feel better.
The walls burn the orc warlord!
You feel better.
The walls burn the orc warlord!
You crush the orc warlord!!! Your grab misses the orc warlord.
The orc warlord is heavily wounded.
You lash the orc warlord! The orc warlord blocks your attack.
The orc warlord is heavily wounded.
The walls burn the orc warlord!
The orc warlord hits you with a +4 war axe of electrocution!!!
* * * LOW HITPOINT WARNING * * *
You are electrocuted!
You die...

##.#.....###...#
#.........##..##
##.#..##.##...#
##.#.....##...#
####.........#...#
##.###...o.......###
#^..#....J..>o.....#####
##...#..##.#).......#..#
##....So........∩......
##...................#
#...#.............####
#..................#
##...#.............##
#....#..........####
#...###...........##
##.##.##....J......#
##...............##


You could see 2 orc warlords and a neutral jelly (wandering) (fellow slime).

Vanquished Creatures
  A minotaur (Gauntlet)
  A dire elephant (Lair:5)
  A ghost crab (Gauntlet)
  3 catoblepae
  2 hydras
  Erica (D:10)
  A centaur warrior (D:12)
  4 two-headed ogres
  A deep troll shaman (Lair:5)
  13 death yaks
  2 skysharks
  Lodul (D:11)
  A bog body (Lair:2)
  An orc sorcerer (Orc:2)
  An orc knight (Orc:2)
  4 cyclopes
  A deep elf pyromancer (D:12)
  3 ugly things (D:12)
  An oklob plant (Lair:1)
  21 elephants
  10 cane toads
  5 black mambas
  2 torpor snails
  A gargoyle (D:12)
  12 komodo dragons
  3 kobold demonologists
  4 unseen horrors
  7 rime drakes
  A queen bee (Lair:4)
  3 meliai (Lair:4)
  A tyrant leech (Gauntlet)
  3 polar bears
  6 trolls
  A hornet (D:10)
  14 blink frogs
  6 dream sheep (Lair:3)
  A slime creature (Lair:2)
  The ghost of PiratePeteNZ the Stinger, an amateur OpVM (D:3)
  Sigmund (D:2)
  8 shadows
  6 wyverns
  A vampire (D:9)
  A steam dragon (D:6)
  71 yaks
  4 basilisks
  2 wargs
  2 swamp worms (Gauntlet)
  14 water moccasins
  An acid dragon (D:9)
  3 ice beasts
  19 orc warriors
  3 sky beasts
  A black bear (Lair:5)
  11 ogres
  15 wolves
  6 centaurs
  3 kobold brigands
  9 bullfrogs
  4 necrophages (Lair:2)
  4 scorpions
  5 wights (D:7)
  44 killer bees
  8 howler monkeys
  An electric eel (Lair:1)
  4 hounds
  14 jellies
  A gnoll bouda (D:10)
  11 orc priests
  7 iguanas
  13 orc wizards
  3 sleepcaps
  Natasha (thrice) (D:3)
  Robin (D:3)
  11 gnolls
  15 adders
  2 shadow imps
  2 white imps
  3 ufetubi
  4 dart slugs
  48 orcs
  5 bats
  13 endoplasms
  8 giant cockroaches
  9 hobgoblins
  3 jackals (D:2)
  4 quokkas
  4 ball pythons
  3 frilled lizards
  11 goblins
  18 kobolds
  5 rats
617 creatures vanquished.

Vanquished Creatures (others)
  A black bear (Lair:5)
  An orc warrior (Orc:1)
  A centaur (D:12)
  23 jellies
  An orc priest (Orc:1)
  2 shadow imps (Gauntlet)
  3 orcs
32 creatures vanquished.

Grand Total: 649 creatures vanquished

Notes
Turn   | Place    | Note
-------+----------+-------------------------------------------
     0 | D:1      | Dawnplanks the Troll Shapeshifter began the quest for the
                  | Orb.
     0 | D:1      | Reached XP level 1. HP: 19/19 MP: 0/0
   132 | D:1      | Reached XP level 2. HP: 27/27 MP: 1/1
   759 | D:2      | Reached XP level 3. HP: 33/33 MP: 2/2
  1110 | D:2      | Found a faded altar of an unknown god.
  1168 | D:2      | Noticed Sigmund
  1175 | D:2      | Killed Sigmund
  1176 | D:2      | Reached skill level 4 in Unarmed Combat
  1176 | D:2      | Reached XP level 4. HP: 42/42 MP: 3/3
  1176 | D:2      | Reached XP level 5. HP: 49/49 MP: 4/4
  1324 | D:3      | Noticed Robin
  1337 | D:3      | Killed Robin
  1388 | D:3      | Found a runed translucent door.
  1440 | D:3      | Noticed Natasha
  1447 | D:3      | Killed Natasha
  1448 | D:3      | Reached XP level 6. HP: 52/57 MP: 5/5
  1475 | D:3      | Noticed Natasha
  1479 | D:3      | Killed Natasha
  1538 | D:3      | Noticed Natasha
  1547 | D:3      | Killed Natasha
  1563 | D:3      | Noticed PiratePeteNZ's ghost (amateur OpVM)
  1571 | D:3      | Reached skill level 5 in Unarmed Combat
  1576 | D:3      | Killed PiratePeteNZ's ghost
  1577 | D:3      | Reached XP level 7. HP: 52/63 MP: 6/6
  1736 | D:3      | Reached skill level 5 in Shapeshifting
  2590 | D:4      | Reached skill level 6 in Unarmed Combat
  2685 | D:4      | Reached skill level 1 in Throwing
  3021 | D:5      | Entered Level 5 of the Dungeon
  3136 | D:5      | Reached XP level 8. HP: 52/72 MP: 7/7
  3419 | D:5      | Reached skill level 1 in Shields
  3419 | D:5      | Reached skill level 7 in Unarmed Combat
  3722 | D:6      | Reached skill level 8 in Unarmed Combat
  3722 | D:6      | Reached XP level 9. HP: 68/80 MP: 8/8
  3937 | D:6      | Found a staircase to the Ecumenical Temple.
  3947 | Temple   | Entered the Ecumenical Temple
  4019 | D:6      | Found a glowing golden altar of the Shining One.
  4030 | D:6      | Became a worshipper of the Shining One
  4059 | D:6      | Identified the +9 falchion "Vujado" {heavy, MP+9 Str+3}
  4101 | D:6      | Found a shimmering blue altar of Sif Muna.
  4189 | D:6      | Found a runed translucent gate.
  4189 | D:6      | Found a runed translucent gate.
  4189 | D:6      | Found a runed translucent gate.
  4189 | D:6      | Noticed Dega's ghost (novice SpHu)
  4205 | D:6      | Noticed a kobold demonologist
  4296 | D:6      | Found a white marble altar of Elyvilon.
  4296 | D:6      | Found a glowing silver altar of Zin.
  4296 | D:6      | Found a glowing golden altar of the Shining One.
  4323 | D:6      | Fell from the grace of the Shining One
  4323 | D:6      | Became a worshipper of Elyvilon the Healer
  4528 | D:7      | Found a shimmering altar of Xom.
  4528 | D:7      | Found a hide-covered altar of Uskayaw.
  4536 | D:7      | Found a shadowy altar of Dithmenos.
  4541 | D:7      | Found a stormy altar of Qazlal.
  4543 | D:7      | Found a sacrificial altar of Ru.
  4610 | D:7      | Found an opulent altar of Gozag.
  4617 | D:7      | Reached skill level 9 in Unarmed Combat
  5021 | D:7      | Reached * piety under Elyvilon
  5173 | D:7      | Noticed Caerwyn's ghost (novice MfSh)
  5174 | D:7      | Found a transporter.
  5207 | D:7      | Found a transporter.
  5210 | D:7      | Identified the +6 great mace of Spite {freeze, rElec Int+4}
  5257 | D:7      | Found Fiabee's Antique Weapon Boutique.
  5349 | D:8      | Reached XP level 10. HP: 88/91 MP: 9/9
  6318 | D:9      | Reached ** piety under Elyvilon
  6952 | D:9      | Found a staircase to the Lair.
  6968 | D:9      | Reached skill level 10 in Unarmed Combat
  7398 | D:10     | Entered Level 10 of the Dungeon
  7420 | D:10     | Reached *** piety under Elyvilon
  7573 | D:10     | Noticed Erica
  7589 | D:10     | Killed Erica
  7590 | D:10     | Reached XP level 11. HP: 88/98 MP: 10/10
  7663 | D:10     | Reached skill level 5 in Dodging
  8311 | D:10     | Noticed a two-headed ogre
  8322 | D:10     | Killed a two-headed ogre
  8323 | D:10     | Reached skill level 11 in Unarmed Combat
  8460 | D:11     | Noticed Lodul
  8475 | D:11     | Killed Lodul
  8626 | D:11     | Reached skill level 5 in Fighting
  8626 | D:11     | Reached skill level 10 in Shapeshifting
  8737 | D:11     | Reached **** piety under Elyvilon
  8776 | D:11     | Noticed a two-headed ogre
  8782 | D:11     | Killed a two-headed ogre
  8833 | D:11     | Reached XP level 12. HP: 111/111 MP: 11/11
  9022 | D:11     | Noticed a two-headed ogre
  9027 | D:11     | Killed a two-headed ogre
  9101 | D:11     | Noticed a two-headed ogre
  9107 | D:11     | Killed a two-headed ogre
  9108 | D:11     | Reached skill level 12 in Unarmed Combat
  9356 | Lair:1   | Entered Level 1 of the Lair of Beasts
  9536 | Lair:1   | Found a runed translucent door.
  9536 | Lair:1   | Noticed bloodbathe's ghost (journeyman AtFi)
  9741 | Lair:1   | Got the Folio of the Non-Euclidean Escort
  9933 | Lair:1   | Reached ***** piety under Elyvilon
 10413 | Lair:2   | Reached skill level 13 in Unarmed Combat
 10644 | Lair:2   | Identified the +2 robe "Paeciul" {rC+ Int+3}
 10652 | Lair:2   | Found a staircase to the Swamp.
 10776 | Lair:2   | Noticed a catoblepas
 10779 | Lair:2   | Killed a catoblepas
 10780 | Lair:2   | Reached XP level 13. HP: 122/122 MP: 12/12
 11198 | Lair:2   | Reached skill level 14 in Unarmed Combat
 11481 | Lair:3   | Found a staircase to the Snake Pit.
 12488 | Lair:4   | Reached skill level 15 in Unarmed Combat
 12488 | Lair:4   | Reached XP level 14. HP: 133/133 MP: 13/13
 12879 | Lair:4   | Reached ****** piety under Elyvilon
 13154 | Lair:4   | Found a viscous altar of Jiyva.
 13154 | Lair:4   | Found a staircase to the Slime Pits.
 13167 | Lair:4   | Identified the +5 rapier of Bile {holy, rPois Int-5 SInv}
 13173 | Lair:4   | Fell from the grace of Elyvilon
 13173 | Lair:4   | Became a worshipper of Jiyva Joriphim the Shapeless
 13200 | Lair:5   | Entered Level 5 of the Lair of Beasts
 13305 | Lair:5   | Reached * piety under Jiyva
 13421 | Lair:5   | HP: 1/163 [elephant (13)]
 13646 | Lair:5   | Reached skill level 5 in Shields
 13750 | Lair:5   | Reached skill level 16 in Unarmed Combat
 13941 | Lair:5   | Reached ** piety under Jiyva
 15963 | D:12     | Found a gate leading to a gauntlet.
 15972 | Gauntlet | Entered a Gauntlet
 15972 | Gauntlet | Found a transporter.
 15975 | Gauntlet | Found a transporter.
 15994 | Gauntlet | Found a transporter.
 15995 | Gauntlet | Found a transporter.
 16005 | Gauntlet | Found a transporter.
 16025 | Gauntlet | Found a transporter.
 16039 | Gauntlet | Found a transporter.
 16057 | Gauntlet | Found a transporter.
 16061 | Gauntlet | Found a transporter.
 16069 | Gauntlet | Found a transporter.
 16097 | Gauntlet | Found a transporter.
 16098 | Gauntlet | Found a transporter.
 16172 | Gauntlet | Identified the -1 pair of gloves of Ennatuu {rCorr Str+5
                  | Dex-5}
 16214 | Gauntlet | Identified the +1 pair of gloves "Jeil Refe" {Fly Str-2
                  | Int+6 Stlth+}
 16238 | Gauntlet | Identified the +6 orcbow of Contradiction {heavy, +Blink
                  | rF+ Int+3}
 16286 | Gauntlet | Got the Directory of the Serac and Rot
 16498 | D:12     | Found Atroopra's Armour Shoppe.
 16501 | D:12     | Found a staircase to the Orcish Mines.
 16531 | D:12     | Found Hogommoi's Weapon Shoppe.
 16543 | D:12     | Reached *** piety under Jiyva
 16803 | D:12     | Found a stormy altar of Qazlal.
 17198 | Orc:1    | Entered Level 1 of the Orcish Mines
 17198 | Orc:1    | Found Vivoubu's Weapon Shop.
 17285 | Orc:1    | Reached XP level 15. HP: 145/145 MP: 14/14
 17331 | Orc:1    | Reached **** piety under Jiyva
 17331 | Orc:1    | Gained mutation: Your flesh is heat resistant. (rF+)
                  | [Jiyva's grace]
 17331 | Orc:1    | Gained mutation: Your flesh is very heat resistant. (rF++)
                  | [Jiyva's grace]
 17331 | Orc:1    | Gained mutation: Your flesh is almost immune to the effects
                  | of heat. (rF+++) [Jiyva's grace]
 17331 | Orc:1    | Gained mutation: You have a beak for a mouth. [Jiyva's
                  | grace]
 17368 | Orc:1    | Found Rutikaysk's Magic Scroll Shoppe.
 17371 | Orc:1    | Bought a scroll of identify for 26 gold pieces
 17371 | Orc:1    | Bought a scroll of identify for 26 gold pieces
 17371 | Orc:1    | Bought a scroll of identify for 26 gold pieces
 17478 | Orc:2    | Entered Level 2 of the Orcish Mines
 17510 | Orc:1    | Found Rameap's Assorted Antiques.
 17689 | Orc:1    | HP: 3/174 [orc warlord/+4 war axe of electrocution (45)]
 17689 | Orc:1    | Slain by an orc warlord

Illustrated notes

Levels and vault maps discovered:
D:1:      elethiomel_arrival_quiet, layout_basic, chequers_serial_rivers_micro_b
D:2:      layout_loops_ring, basic_ecumenical_altar, fountainhead,
          hangedman_abyss_or_decor_lesser_grid, uniq_sigmund
D:3:      layout_basic, ebering_ghost_sewer_d, uniq_robin, uniq_natasha
D:4:      layout_cave_pools
D:5:      layout_basic, serial_glass, glass_columns_c, glass_columns_b,
          st_stairs_11, chequers_serial_rivers_micro_c,
          hangedman_abyss_or_decor_stabs
D:6:      layout_rooms, good_gods_mini_temple, minmay_temple_entry_sparse_star,
          gammafunk_ghost_nasty_kobolds, hangedman_feature_mirror
D:7:      layout_basic, nicolae_overflow_hallway_of_the_gods, serial_shops,
          nicolae_lakefront_shop, gammafunk_ghost_smash
D:8:      layout_basic, serial_rivers, chequers_serial_rivers_micro_e,
          chequers_serial_rivers_large_a, chequers_serial_rivers_small_3,
          chequers_serial_rivers_room_b, chequers_serial_rivers_micro_c
D:9:      layout_small_grid, david_lair_shrubbed
D:10:     minmay_s_stair_smasher, layout_basic, uniq_erica
D:11:     layout_irregular_city, uniq_lodul
D:12:     layout_loops_cross, orc_david_3, gauntlet_entry_generic,
          nicolae_qazlal_eye_of_the_storm
Temple:   cyrus_circular_temple
Lair:1:   layout_loops_ring, ebering_ghost_inner_flame, minmay_holes,
          infiniplex_staircase_pool, grunt_megastairs_3
Lair:2:   lemuel_slime, layout_cave_pods, skrybe_swamp_entry_bodies,
          roderic_carrion_pond
Lair:3:   layout_small_grid, dummy_snake_entry
Lair:4:   regret_index_tunnel_blossom, layout_hall_layers, slime_entry_1
Lair:5:   grunt_lair_end_beastmaster, layout_small_grid
Orc:1:    layout_caves, serial_shops, shop, nicolae_shop_tiny_real_fake_doors,
          shop
Orc:2:    grunt_orc_gardens, layout_caves, grunt_orc_garden, grunt_orc_garden,
          grunt_orc_garden, grunt_orc_garden

Skill      XL: |  1  2  3  4  5  6  7  8  9 10 11 12 13 14 |
---------------+-------------------------------------------+-----
Dodging        | 2 3 4 6 7 8 9 |  9.7
Unarmed Combat | 4 5 6 8 9 10 11 13 15 16 | 16.7
Shapeshifting  | 4 5 6 7 9 10 11 12 | 12.3
Fighting       | 2 3 5 6 7 8 |  8.6
Throwing       | 1 3 4 |  4.2
Shields        | 1 2 3 4 5 |  5.2

Action                     |  1- 3 |  4- 6 |  7- 9 | 10-12 | 13-15 || total
---------------------------+-------+-------+-------+-------+-------++-------
  Melee: Unarmed           |    72 |    83 |   273 |   443 |   690 ||  1561
         Punch             |       |       |    11 |     3 |       ||    14
         Constrict         |       |       |       |    79 |   122 ||   201
  Throw: Stone             |     4 |     2 |       |       |       ||     6
         Boomerang         |       |       |    61 |    10 |       ||    71
 Invoke: Purification      |       |       |       |     1 |       ||     1
         Oozemancy         |       |       |       |       |     1 ||     1
Ability: Begin Untransform |       |       |       |       |     1 ||     1
  Evoke: Condenser vane    |       |       |       |     1 |     1 ||     2
    Use: Scroll            |       |       |       |    12 |     8 ||    20
         Potion            |       |       |       |       |     4 ||     4
   Stab: Sleeping          |     1 |       |     1 |     1 |       ||     3
         Confused          |       |       |       |       |     1 ||     1
         Distracted        |       |       |       |       |     1 ||     1
 Armour: Animal skin       |    26 |    20 |    56 |    18 |       ||   120
         Skin              |       |       |       |   105 |   203 ||   308
  Dodge: Dodged            |    29 |    33 |    86 |   158 |   450 ||   756
  Block: Other             |       |       |    43 |    72 |   145 ||   260
         Reflection        |       |       |     4 |       |     4 ||     8
   Form: Anaconda          |       |       |       |     1 |     1 ||     2

Table legend: (Time is in decaauts)
 A = Elapsed time spent in this place.
 B = Non-inter-level travel time spent in this place.
 C = Inter-level travel time spent in this place.
 D = Time resting spent in this place.
 E = Time spent auto-exploring this place.
 F = Levels seen in this place.
 G = Mean time per level.
                   A        B        C        D        E       F      G
               +--------+--------+--------+--------+--------+-----+--------+
         Total |  17407 |  16397 |   1010 |   1577 |  11948 |  21 |  828.9 |
       Dungeon |  11715 |  10972 |    743 |   1467 |   7956 |  12 |  976.2 |
        Temple |     54 |     42 |     12 |      0 |     35 |   1 |   54.0 |
          Lair |   4773 |   4550 |    223 |     92 |   3411 |   5 |  954.6 |
  Orcish Mines |    470 |    439 |     31 |     18 |    302 |   2 |  235.0 |
      Gauntlet |    393 |    393 |      0 |      0 |    244 |   1 |  393.0 |
               +--------+--------+--------+--------+--------+-----+--------+

Top non-repeatable levels by time:
     D:9: 1735 daAuts
    D:10: 1455 daAuts
    D:11: 1375 daAuts
  Lair:2: 1188 daAuts
     D:3: 1152 daAuts
     D:8: 1088 daAuts
  Lair:4: 938 daAuts
  Lair:5: 913 daAuts
     D:7: 896 daAuts
  Lair:1: 885 daAuts
    D:12: 855 daAuts
  Lair:3: 847 daAuts
     D:1: 678 daAuts
     D:5: 655 daAuts
     D:6: 643 daAuts
